 Dungeon Crawl Stone Soup version 0.29-a0-559-g359e09b9d1 (webtiles) character file.

Game seed: 16717747114702146909

31726 RancidPinata the Fighter (level 13, -8/108 HPs)
             Began as a Gargoyle Gladiator on June 8, 2022.
             Was a Follower of Okawaru.
             Mangled by a profane servitor
             ... wielding a +2 demon whip
              (19 damage)
             ... on level 3 of the Abyss on June 10, 2022.
             The game lasted 01:39:42 (24396 turns).

RancidPinata the Fighter (Gargoyle Gladiator)      Turns: 24396, Time: 01:39:42

Health: -8/108     AC: 22    Str: 31    XL:     13   Next: 60%
Magic:  13/13      EV: 28    Int: 10    God:    Okawaru [*.....]
Gold:   1169       SH:  0    Dex: 25    Spells: 12/12 levels left

rFire   . . .      SeeInvis +   o - +6 short sword "Arylatar" {flame, Will- rCorr Dex+8}
rCold   . . .      Faith    +   (no shield)
rNeg    + . .      Spirit   .   w - +3 leather armour "Mankin" {*Slow Str+3 Dex+6 SInv}
rPois   ∞          Reflect  .   F - +1 helmet
rElec   +          Harm     .   r - +0 cloak
rCorr   +          Rampage  .   (no gloves)
Will    .....                   S - +0 pair of boots
Stlth   ..........              a - amulet "Duulewn" {Faith rElec Stlth+}
HPRegen 0.00/turn               U - +6 ring of strength
MPRegen 0.13/turn               X - +4 ring of evasion

@: berserking, heroic, inhibited regen, wreathed by umbra, very quick
A: sickness immunity, AC +9, negative energy resistance 1, electricity
resistance, torment resistance 1, petrification resistance, [frail 2],
[inhibited regeneration]
a: Renounce Religion, Heroism


You were on level 3 of the Abyss.
You worshipped Okawaru.
Okawaru was aware of your devotion.
You visited 3 branches of the dungeon, and saw 16 of its levels.
You visited the Abyss 2 times.

You collected 1169 gold pieces.

Inventory:

Hand Weapons
 o - the +6 short sword "Arylatar" (weapon) {flame, Will- rCorr Dex+8}
   (You found it on level 2 of the Dungeon)

   It burns those it strikes, dealing additional fire damage.
   Dex:       It affects your dexterity (+8).
   rCorr:     It protects you from acid and corrosion.
   Will:      It decreases your willpower.
 J - the +6 flail "Botok" {vorpal, rElec MP+9 Int+4 Stlth-}
   (You found it on level 7 of the Dungeon)

   It inflicts extra damage upon your enemies.
   Int:       It affects your intelligence (+4).
   rElec:     It insulates you from electricity.
   MP:        It affects your magic capacity (+9).
   Stlth:     It makes you less stealthy.
 V - a +2 dire flail of holy wrath
Missiles
 d - 3 throwing nets
 e - 7 javelins (quivered)
 i - 359 stones
 G - 64 poisoned darts
 N - 5 boomerangs
 Q - 9 silver javelins
 Y - 8 datura-tipped darts
 Z - 12 curare-tipped darts
Armour
 r - a +0 cloak (worn)
 w - the +3 leather armour "Mankin" (worn) {*Slow Str+3 Dex+6 SInv}
   (You found it on level 4 of the Dungeon)

   Str:       It affects your strength (+3).
   Dex:       It affects your dexterity (+6).
   SInv:      It lets you see invisible.
   *Slow:     It may slow you when you take damage.
 F - a +1 helmet (worn)
 S - a +0 pair of boots (worn)
Jewellery
 a - the amulet "Duulewn" (around neck) {Faith rElec Stlth+}
   (You found it on level 2 of the Dungeon)

   [amulet of faith]

   It allows you to gain divine favour quickly.
   rElec:     It insulates you from electricity.
   Stlth:     It makes you more stealthy.
 j - a ring of positive energy
 y - a ring of protection from cold
 C - an amulet of regeneration
 I - an amulet of reflection
 K - a ring of positive energy
 M - a ring of see invisible
 P - a ring of positive energy
 U - a +6 ring of strength (left hand)
 X - a +4 ring of evasion (right hand)
Wands
 g - a wand of acid (8)
 m - a wand of digging (6)
 H - a wand of mindburst (35)
 T - a wand of iceblast (7)
Scrolls
 b - 2 scrolls of torment {unknown}
 c - 6 scrolls of vulnerability
 f - 2 scrolls of poison {unknown}
 h - a scroll of summoning {unknown}
 k - 5 scrolls of magic mapping
 s - a scroll of noise {unknown}
 t - 3 scrolls of amnesia {unknown}
 v - 3 scrolls of teleportation
 z - a scroll of blinking
 A - 4 scrolls of enchant weapon
 D - 4 scrolls of fog
Potions
 l - 6 potions of flight
 n - a potion of brilliance {unknown}
 p - a potion of invisibility {unknown}
 q - 4 potions of curing
 u - a potion of might
 x - 2 potions of haste
 B - 4 potions of degeneration
 E - a potion of lignification {unknown}
 L - 4 potions of mutation
 O - 2 potions of heal wounds {unknown}
 W - 3 potions of magic


   Skills:
 * Level 14.1(19.1) Fighting
 * Level 11.6(16.6) Short Blades
 + Level 4.6(9.6) Maces & Flails
 + Level 8.5(13.5) Throwing
 + Level 4.2(9.2) Armour
 + Level 8.0(13.0) Dodging
 + Level 4.4(9.4) Stealth


You had 12 spell levels left.
You didn't know any spells.
Your spell library contained the following spells:

 Spells                   Type           Power      Damage    Failure   Level
 Apportation              Tloc           0%         N/A       38%         1
 Beastly Appendage        Tmut           0%         N/A       38%         1
 Magic Dart               Conj           0%         1d3       38%         1
 Necrotize                Necr           0%         1d4       38%         1
 Shock                    Conj/Air       0%         1d3       38%         1
 Sting                    Tmut/Pois      0%         1d3       38%         1
 Poisonous Vapours        Pois/Air       0%         N/A       52%         2
 Searing Ray              Conj           0%         2d4       52%         2
 Wereblood                Tmut           0%         N/A       52%         2
 Conjure Flame            Conj/Fire      0%         6-21      77%         3
 Ignite Poison            Fire/Tmut/Pois 0%         N/A       77%         3
 Spider Form              Tmut/Pois      0%         N/A       77%         3
 Swiftness                Air            0%         N/A       77%         3
 Airstrike                Air            0%         N/A       99%         4
 Fulminant Prism          Conj/Hex       0%         3d6       99%         4
 Olgreb's Toxic Radiance  Pois           0%         N/A       99%         4
 Sticky Flame             Conj/Fire      0%         2d3       99%         4
 Orb of Destruction       Conj           0%         9d5       100%        7
 Borgnjor's Revivificati  Necr           0%         N/A       100%        8
 Necromutation            Tmut/Necr      0%         N/A       100%        8
 Death's Door             Necr           0%         N/A       100%        9
 Summon Small Mammal      Summ           Unusable   N/A       N/A         1
 Summon Guardian Golem    Hex/Summ       Unusable   N/A       N/A         3
 Spellforged Servitor     Conj/Summ      Unusable   N/A       N/A         7

Dungeon Overview and Level Annotations

Branches:
Dungeon (11/15)            Temple (1/1) D:5            Lair (4/6) D:9
 Spider (0/4) Lair:3
  Swamp: Lair:2-4    Shoals: Lair:2-4       Orc: D:9-12

Altars:
Ashenzari
Cheibriados
Dithmenos
Elyvilon
Fedhas
Gozag
Hepliaklqana
Kikubaaqudgha
Makhleb
Nemelex Xobeh
Okawaru
Qazlal
Ru
Sif Muna
Trog
Uskayaw
Vehumet
Wu Jian
Xom
Yredelemnul
Zin
The Shining One
Lugonu

Shops:
D:1 (   D:4 [

Annotations:
D:11 Sonja, Urug


Innate Abilities, Weirdness & Mutations

You are immune to sickness and miasma.
Your stone body is resilient. (AC +9)
You are immune to poison.
You resist negative energy. (rN+)
You are resistant to electric shocks. (rElec)
You are resistant to unholy torment.
You are immune to petrification.
[You are very frail. (-20% HP)]
[You do not regenerate when monsters are visible.]


Message History

The profane servitor is lightly damaged.
The profane servitor completely misses you. x2
You hit the profane servitor. You burn the profane servitor.
The profane servitor is lightly damaged.
Aiming: Corrosive Bolt
Press: ? - help, Shift-Dir - straight line, f - green death
Aim: a green death (umbra, 75% to hit)
The bolt of acid misses the profane servitor.
The bolt of acid hits the green death!
The green death is lightly wounded.
The profane servitor completely misses you.
The profane servitor hits you with a +2 demon whip. x2
* * * LOW HITPOINT WARNING * * *
The profane servitor hits you but does no damage.
The green death gestures at you.
The bolt of poison hits the profane servitor.
The profane servitor completely resists.
The bolt of poison misses you.
It was a potion of magic.
Magic courses through your body.
The profane servitor closely misses you.
The profane servitor completely misses you.
It was a potion of berserk rage.
A red film seems to cover your vision as you go berserk!
You feel yourself moving faster!
You feel mighty!
The profane servitor hits you with a +2 demon whip!
* * * LOW HITPOINT WARNING * * *
The profane servitor barely misses you.
The wretched star glows turbulently.
The lance of force misses you.
The profane servitor closely misses you.
The profane servitor hits you but does no damage.
The green death gestures at you. The poison arrow misses you.
You are too berserk!
You miss the profane servitor.
The profane servitor is lightly damaged.
You impale the profane servitor!! You burn the profane servitor!
The profane servitor is lightly damaged.
The profane servitor hits you with a +2 demon whip!!
You die...

.. .................
. ...................
..
.....................
.......... . ..... ..
. ........ ...... ...
.........° ..........
.##......##......##.
. #....2A##......# ..
........@x...........
......*............
....................
.
..#.#.......###.#..#
. .§#§.#.§...# .
#.... . .
.§#...##....## ...#.
. ...####..##### .#.
# .. ....... ..## #.
.. . ... ... .. .#
'..


You could see a profane servitor, a green death, a wretched star and a small
abomination.

Vanquished Creatures
  Fannar (Lair:3)
  A boulder beetle (Lair:2)
  2 hydras
  Erolcha (D:11)
  3 two-headed ogres
  2 centaur warriors
  2 thrashing horrors
  Amaemon (D:8)
  A shadow wraith (Abyss:2)
  Lodul (D:11)
  A sixfirhy (Abyss:2)
  2 wretched stars (D:10)
  A large abomination (D:10)
  The ghost of rabbitsville the Carver, a novice OpHu of Cheibriados (D:7)
  2 deep elf pyromancers (D:9)
  A cyclops (D:9)
  2 manticores (D:9)
  2 ugly things (D:9)
  A rust devil (Abyss:2)
  2 black mambas (Lair:1)
  An orange demon (D:8)
  A smoke demon (Abyss:2)
  5 cane toads
  A rime drake (Lair:3)
  5 komodo dragons
  3 ancient zymes (Abyss:2)
  A troll (D:10)
  A tarantella (shapeshifter) (D:9)
  A hornet (D:9)
  Prince Ribbit (D:6)
  Grinder (D:6)
  15 blink frogs
  2 wraiths
  6 flying skulls (Abyss:2)
  3 wyverns (D:9)
  18 yaks
  A shadow (D:9)
  Eustachio (D:6)
  5 humans (D:7)
  3 redbacks (Lair:3)
  A steam dragon (D:9)
  2 acid dragons (D:10)
  13 water moccasins
  4 orc warriors
  2 ice beasts (D:5)
  2 sky beasts
  8 ogres
  14 wolves
  4 small abominations
  5 centaurs
  14 kobold brigands
  The ghost of grumblor the Skirmisher, an amateur VSFi (D:3)
  13 bullfrogs
  6 scorpions
  A gnoll sergeant (D:7)
  4 necrophages
  9 wights
  5 killer bees (D:9)
  3 howler monkeys
  2 centaur zombies (D:4)
  7 starcursed masses
  5 jellies
  4 orc priests
  7 hounds
  Crazy Yiuf (D:2)
  An iron imp (Abyss:2)
  16 orc wizards
  A scorpion zombie (D:4)
  A hound zombie (D:4)
  Robin (D:2)
  11 gnolls
  9 adders
  A shadow imp (D:7)
  2 white imps
  An ufetubus (D:4)
  3 worms
  A dart slug (D:4)
  38 orcs
  7 ball pythons
  9 endoplasms
  A giant cockroach (D:4)
  15 goblins
  9 hobgoblins
  4 iguanas
  13 jackals
  2 quokkas
  8 bats
  4 frilled lizards
  20 kobolds
  4 rats
424 creatures vanquished.

Vanquished Creatures (others)
  11 fungi
  41 plants
52 creatures vanquished.

Grand Total: 476 creatures vanquished

Notes
Turn   | Place    | Note
-------+----------+-------------------------------------------
     0 | D:1      | RancidPinata the Gargoyle Gladiator began the quest for the
                  | Orb.
     0 | D:1      | Reached XP level 1. HP: 12/12 MP: 1/1
    18 | D:1      | Found Ufet's Weapon Shop.
    60 | D:1      | Reached XP level 2. HP: 12/18 MP: 2/2
   702 | D:1      | Reached XP level 3. HP: 22/22 MP: 3/3
   839 | D:1      | Found a faded altar of an unknown god.
   957 | D:1      | Reached skill level 3 in Fighting
  1657 | D:2      | Noticed Robin
  2073 | D:2      | Reached XP level 4. HP: 27/28 MP: 4/4
  2078 | D:2      | Killed Robin
  2202 | D:2      | Identified the +6 short sword "Arylatar" {flame, Will-
                  | rCorr Dex+8}
  2334 | D:2      | Identified the amulet "Duulewn" {Faith rElec Stlth+}
  2989 | D:2      | Found a runed translucent door.
  2990 | D:2      | Noticed Crazy Yiuf
  2998 | D:2      | Killed Crazy Yiuf
  2999 | D:2      | Reached skill level 1 in Short Blades
  2999 | D:2      | Reached XP level 5. HP: 17/33 MP: 5/5
  3449 | D:3      | Found a shimmering altar of Xom.
  3494 | D:3      | Reached skill level 4 in Fighting
  3494 | D:3      | Found a large runed translucent door.
  3494 | D:3      | Found a large runed translucent door.
  3503 | D:3      | Noticed grumblor's ghost (amateur VSFi)
  3949 | D:3      | Reached XP level 6. HP: 38/38 MP: 6/6
  4210 | D:3      | Killed grumblor's ghost
  4428 | D:5      | Entered Level 5 of the Dungeon
  4495 | D:6      | Noticed an ice beast
  4572 | D:4      | Identified the +3 leather armour "Mankin" {*Slow Str+3
                  | Dex+6 SInv}
  4607 | D:4      | Found a basalt altar of Yredelemnul.
  4731 | D:4      | Reached XP level 7. HP: 44/44 MP: 7/7
  4744 | D:4      | Reached skill level 5 in Fighting
  5225 | D:4      | Found Fissou's Armour Boutique.
  6006 | D:5      | Found a glowing golden altar of the Shining One.
  6010 | D:5      | Found an ancient bone altar of Kikubaaqudgha.
  6137 | D:5      | Reached skill level 6 in Fighting
  6137 | D:5      | Reached XP level 8. HP: 51/51 MP: 8/8
  6510 | D:5      | Found a staircase to the Ecumenical Temple.
  6553 | Temple   | Entered the Ecumenical Temple
  6791 | D:5      | Found a burning altar of Makhleb.
  6791 | D:5      | Noticed a blizzard demon
  7334 | D:5      | Reached skill level 7 in Fighting
  7334 | D:5      | Reached skill level 5 in Short Blades
  7565 | D:5      | Reached XP level 9. HP: 42/57 MP: 9/9
  7794 | D:6      | Noticed Grinder
  8005 | D:6      | Noticed Prince Ribbit
  8009 | D:6      | Killed Prince Ribbit
  8060 | D:6      | Reached skill level 8 in Fighting
  8085 | D:6      | Paralysed by Grinder for 3 turns
  8096 | D:6      | Killed Grinder
  8286 | D:6      | Noticed Eustachio
  8298 | D:6      | Killed Eustachio
  8464 | D:6      | Reached skill level 5 in Throwing
  8464 | D:6      | Reached skill level 5 in Dodging
  8569 | D:7      | Found a bloodstained altar of Trog.
  8676 | D:7      | Reached skill level 9 in Fighting
  8679 | D:7      | Reached XP level 10. HP: 58/66 MP: 10/10
  8930 | D:7      | Identified the +6 flail "Botok" {vorpal, rElec MP+9 Int+4
                  | Stlth-}
  8998 | D:7      | Found a white marble altar of Elyvilon.
  9241 | D:7      | Found a runed translucent gate.
  9241 | D:7      | Found a runed translucent gate.
  9241 | D:7      | Found a runed translucent gate.
  9241 | D:7      | Noticed rabbitsville's ghost (novice OpHu)
  9349 | D:7      | Found an iron altar of Okawaru.
  9356 | D:7      | Became a worshipper of Warmaster Okawaru
  9791 | D:7      | Reached skill level 10 in Fighting
 10301 | D:8      | Found a stormy altar of Qazlal.
 10508 | D:8      | Noticed Amaemon
 10740 | D:8      | Found a broken altar of Ashenzari.
 10741 | D:8      | Found an ornate altar of the Wu Jian Council.
 10957 | D:8      | Reached * piety under Okawaru
 10987 | D:8      | Noticed an orange demon
 11976 | D:8      | Reached ** piety under Okawaru
 12044 | D:8      | Killed Amaemon
 12045 | D:8      | Reached XP level 11. HP: 73/73 MP: 8/11
 12229 | D:9      | Reached skill level 11 in Fighting
 12259 | D:9      | Found a snail-covered altar of Cheibriados.
 12419 | D:10     | Entered Level 10 of the Dungeon
 12449 | D:10     | Reached *** piety under Okawaru
 12794 | D:10     | Noticed a two-headed ogre
 12826 | D:10     | Killed a two-headed ogre
 13089 | D:10     | Found a blossoming altar of Fedhas.
 13157 | D:10     | Noticed a two-headed ogre
 13193 | D:10     | Killed a two-headed ogre
 13193 | D:10     | Reached **** piety under Okawaru
 13410 | D:10     | Found a glowing silver altar of Zin.
 13600 | D:9      | Noticed a two-headed ogre
 13632 | D:9      | Killed a two-headed ogre
 13781 | D:9      | Found a staircase to the Lair.
 13974 | D:9      | Found a sparkling altar of Nemelex Xobeh.
 14214 | D:9      | Found a shadowy altar of Dithmenos.
 14220 | D:9      | Received a gift from Okawaru
 14558 | D:9      | Noticed a deep elf pyromancer
 14576 | D:9      | Killed a deep elf pyromancer
 14708 | D:9      | Noticed a manticore
 14715 | D:9      | Reached skill level 12 in Fighting
 14725 | D:9      | Killed a manticore
 14725 | D:9      | Reached ***** piety under Okawaru
 15288 | D:9      | Noticed a red ugly thing
 15301 | D:9      | Killed a red ugly thing
 15302 | D:9      | Reached XP level 12. HP: 81/81 MP: 9/12
 15434 | D:9      | Received a gift from Okawaru
 15435 | D:9      | Reached skill level 10 in Short Blades
 15640 | D:9      | Noticed a centaur warrior
 15688 | D:9      | Killed a centaur warrior
 16133 | D:9      | Received a gift from Okawaru
 16199 | D:9      | Upgraded the game from 0.29-a0-557-g43b9904bd1 to
                  | 0.29-a0-559-g359e09b9d1
 16263 | Lair:1   | Entered Level 1 of the Lair of Beasts
 16732 | Lair:1   | Reached skill level 13 in Fighting
 16732 | Lair:1   | Reached skill level 1 in Stealth
 16770 | Lair:1   | Noticed a five-headed hydra
 16784 | Lair:1   | Killed a five-headed hydra
 16785 | Lair:1   | Reached skill level 1 in Armour
 17513 | Lair:2   | Noticed a boulder beetle
 17543 | Lair:2   | Killed a boulder beetle
 17766 | Lair:2   | Received a gift from Okawaru
 17817 | Lair:2   | Noticed a six-headed hydra
 17823 | Lair:2   | Killed a six-headed hydra
 17823 | Lair:2   | Identified the +4 short sword "Xeextos" {freeze, Int+2}
                  | (Okawaru gifted it to you on level 2 of the Lair of Beasts)
 17823 | Lair:2   | Received a gift from Okawaru
 18162 | Lair:2   | Reached XP level 13. HP: 88/88 MP: 13/13
 18635 | Lair:3   | Found a hole to the Spider Nest.
 18700 | Lair:3   | Received a gift from Okawaru
 18841 | Lair:3   | Noticed Fannar
 18864 | Lair:3   | Killed Fannar
 19282 | Lair:3   | Received a gift from Okawaru
 19686 | Lair:4   | Reached ****** piety under Okawaru
 20180 | D:11     | Noticed Erolcha
 20185 | D:11     | Cast into level 2 of the Abyss (Erolcha)
 20396 | Abyss:2  | Noticed an angel
 20399 | Abyss:2  | Noticed a starcursed mass
 20400 | Abyss:2  | Noticed an ophan
 20524 | Abyss:2  | Noticed a great orb of eyes
 20628 | Abyss:2  | Noticed a rakshasa
 20659 | Abyss:2  | Noticed a starcursed mass
 20760 | Abyss:2  | Noticed a tentacled starspawn
 20803 | Abyss:2  | Noticed a blizzard demon
 21070 | Abyss:2  | Noticed a lorocyproca
 21122 | Abyss:3  | Found a corrupted altar of Lugonu.
 21124 | Abyss:3  | Found a corrupted altar of Lugonu.
 21130 | Abyss:3  | Fell from the grace of Okawaru
 21130 | Abyss:3  | Became a worshipper of Lugonu the Unformed
 21130 | Abyss:3  | Reached * piety under Lugonu
 21131 | D:11     | Escaped the Abyss
 21141 | D:11     | Killed Erolcha
 21144 | D:11     | Noticed Sonja
 21660 | D:7      | Fell from the grace of Lugonu
 21660 | D:7      | Became a worshipper of Warmaster Okawaru
 21816 | D:7      | Killed rabbitsville's ghost
 21817 | D:7      | Reached skill level 14 in Fighting
 23000 | D:11     | Noticed a starcursed mass
 23007 | D:11     | Paralysed by accursed screaming for 1 turns
 23204 | D:11     | Paralysed by accursed screaming for 2 turns
 23572 | D:11     | Noticed Lodul
 24102 | D:11     | Killed Lodul
 24258 | D:11     | Noticed Urug
 24284 | D:11     | Noticed a tentacled starspawn
 24284 | D:11     | Cast into level 3 of the Abyss (Lugonu's touch)
 24345 | Abyss:3  | Noticed a tentacled starspawn
 24375 | Abyss:3  | Noticed a green death
 24378 | Abyss:3  | Noticed a profane servitor
 24396 | Abyss:3  | Mangled by a profane servitor

Illustrated notes

Levels and vault maps discovered:
D:1:      ncdulo_smallfort, layout_loops_ring, serial_shops,
          nicolae_diamond_shop, shapermc_ecumenical_altar_notcrosses,
          kennysheep_nondescript, moated_statue, nicolae_grassy_gnolls
D:2:      layout_loops_ring, uniq_crazy_yiuf_cottage, uniq_robin
D:3:      layout_basic, dk_xom_monty_hall, serial_corexii_hall,
          corexii_hall_statues_i, corexii_hall_statues_x,
          chequers_hall_statues_corner_a, chequers_hall_statues_y,
          ebering_ghost_disaster_area, minmay_misc_feat_encased
D:4:      minmay_general_purpose_star, layout_basic,
          nicolae_yredelemnul_corpse_copse, serial_shops, shop_fountains
D:5:      layout_basic, mainiacjoe_overflow_boulevard, lemuel_crystal_altar,
          makhleb_altar_promises_db, minmay_temple_entry_grid
D:6:      layout_rooms, minmay_fractal_squares_diagonal_5, uniq_grinder,
          uniq_eustachio, uniq_prince_ribbit1
D:7:      erik_cavepeople, layout_loops_ring, lightli_temple_of_fire,
          lemuel_crystal_altar, mainiacjoe_overflow_chevrons,
          gammafunk_ghost_nasty_kobolds
D:8:      layout_cave_pools, grunt_temple_overflow_open, grunt_qazlal_clouds,
          uniq_amaemon
D:9:      minmay_the_grid_3x3 [minmay_the_grid_square_x, minmay_the_grid_eight,
          minmay_the_grid_paths, minmay_the_grid_empty,
          minmay_the_grid_stretched_grid, minmay_the_grid_pillar_ring,
          minmay_the_grid_slots, minmay_the_grid_expand,
          minmay_the_grid_prize_big_room], layout_layer_cave,
          mainiacjoe_overflow_concentric_impassable, grunt_dithmenos_shadows,
          nemelex_spade_bored_becter, david_lair_shrubbed
D:10:     layout_roguey, fedhas_altar_3, lemuel_coloured_pillars_altar
D:11:     layout_roguey, david_orc_2, nicolae_trove_entry_crystal, serial_shops,
          nicolae_square_shop, uniq_snorg, uniq_sonja, uniq_urug, uniq_lodul,
          uniq_erolcha
Temple:   corrupted_temple
Lair:1:   layout_long_grid
Lair:2:   layout_cave_pods, elwin_shoals_entry_rocks, infiniplex_staircase_pool,
          lemuel_fruit_tree
Lair:3:   layout_roguey, spider_nest_entry_webs, minivault_24, uniq_fannar
Lair:4:   layout_roguey, ebering_ghost_rock_garden, serial_bayou_crossing
Abyss:3:  base: Temple, minivault_23, evilmike_abyss_exit_12, base: D:14,
          evilmike_abyss_exit_5

Skill      XL: |  1  2  3  4  5  6  7  8  9 10 11 12 13 |
---------------+----------------------------------------+-----
Throwing       | 2 3 4 5 6 7 8 |  8.5
Fighting       | 3 4 6 7 9 10 12 13 14 | 14.1
Short Blades   | 1 2 4 5 6 8 9 11 | 11.6
Dodging        | 3 4 5 6 7 8 |  8.0
Stealth        | 3 4 |  4.4
Armour         | 2 4 |  4.2
Maces & Flails | 4 |  4.6

Action                   |  1- 3 |  4- 6 |  7- 9 | 10-12 | 13-15 || total
-------------------------+-------+-------+-------+-------+-------++-------
Melee: Flail             |    92 |     5 |       |       |       ||    97
       Short sword       |       |    96 |   266 |   759 |   573 ||  1694
       Punch             |       |     3 |     5 |    13 |     7 ||    28
Throw: Dart              |       |       |     2 |    24 |       ||    26
       Javelin           |       |       |       |    16 |       ||    16
Invok: Heroism           |       |       |       |     6 |     5 ||    11
       Finesse           |       |       |       |     1 |       ||     1
       Depart the Abyss  |       |       |       |       |     1 ||     1
Evoke: Wand              |       |       |       |       |     1 ||     1
  Use: Scroll            |       |     3 |     3 |     5 |     9 ||    20
       Potion            |       |       |       |       |     7 ||     7
 Stab: Sleeping          |       |     9 |     9 |     9 |     6 ||    33
       Distracted        |       |       |       |       |     3 ||     3
       Held in net/web   |       |       |       |       |     1 ||     1
Armor: Leather armour    |    47 |    27 |    98 |   198 |   154 ||   524
Dodge: Dodged            |    63 |    51 |   216 |   493 |   536 ||  1359

Table legend: (Time is in decaauts)
 A = Elapsed time spent in this place.
 B = Non-inter-level travel time spent in this place.
 C = Inter-level travel time spent in this place.
 D = Time resting spent in this place.
 E = Time spent auto-exploring this place.
 F = Levels seen in this place.
 G = Mean time per level.
                   A        B        C        D        E       F      G
               +--------+--------+--------+--------+--------+-----+--------+
         Total |  23903 |  23411 |    492 |   9382 |   7040 |  19 | 1258.1 |
       Dungeon |  19304 |  18875 |    429 |   7808 |   5994 |  11 | 1754.9 |
        Temple |     72 |     62 |     10 |      0 |     22 |   1 |   72.0 |
          Lair |   3534 |   3482 |     52 |   1288 |   1024 |   4 |  883.5 |
         Abyss |    991 |    991 |      0 |    285 |      0 |   3 |  330.3 |
               +--------+--------+--------+--------+--------+-----+--------+

Top non-repeatable levels by time:
     D:7: 3141 daAuts
     D:9: 3135 daAuts
    D:10: 2786 daAuts
     D:1: 2058 daAuts
     D:5: 1620 daAuts
     D:4: 1586 daAuts
  Lair:3: 1518 daAuts
     D:2: 1285 daAuts
  Lair:1: 1213 daAuts
     D:3: 1095 daAuts
     D:8: 1038 daAuts
     D:6: 966 daAuts
 Abyss:2: 847 daAuts
  Lair:2: 695 daAuts
    D:11: 591 daAuts
